 Dungeon Crawl Stone Soup version 0.28.0-45-g0d030f2227 (webtiles) character file.

Game seed: 12494224671366609002

177 GigaChad the Covered (level 5, 0/47 HPs)
             Began as a Minotaur Fighter on Apr 14, 2022.
             Was a Plaything of Xom.
             Succumbed to an adder's poison
             ... on level 4 of the Dungeon.
             The game lasted 00:06:44 (1999 turns).

GigaChad the Covered (Minotaur Fighter)             Turns: 1999, Time: 00:06:45

Health: 0/47       AC:  3    Str: 23    XL:     5   Next: 30%
Magic:  4/4        EV: 11    Int:  5    God:    Xom [..*...]
Gold:   95         SH:  5    Dex: 12    Spells: 4/4 levels left

rFire   . . .      SeeInvis .   a - +0 long sword
rCold   . . .      Faith    +   c - +0 buckler
rNeg    + . .      Spirit   .   q - +0 robe of Recklessness {rPois Will+ Str+3}
rPois   +          Reflect  .   (helmet restricted)
rElec   .          Harm     .   (no cloak)
rCorr   .          Rampage  .   (no gloves)
Will    +....                   e - +0 pair of boots
Stlth   +.........              m - amulet of faith
HPRegen 0.15/turn               k - ring of positive energy
MPRegen 0.09/turn               (no ring)

@: lethally poisoned (0 -> -1)
A: horns 2, retaliatory headbutt
a: Renounce Religion


You were on level 4 of the Dungeon.
You worshipped Xom.
You were a toy of Xom.
You visited 1 branch of the dungeon, and saw 4 of its levels.

You collected 95 gold pieces.

Inventory:

Hand Weapons
 a - a +0 long sword (weapon)
 n - a +0 falchion
 w - a +0 glaive
Missiles
 u - 27 bolts
 v - 2 poisoned darts (quivered)
 y - 16 sling bullets
Armour
 b - a +0 scale mail
 c - a +0 buckler (worn)
 e - a +0 pair of boots (worn)
 q - the +0 robe of Recklessness (worn) {rPois Will+ Str+3}
   (You found it on level 3 of the Dungeon)

   Str:       It affects your strength (+3).
   rPois:     It protects you from poison.
   Will:      It increases your willpower.
Magical Staves
 o - a staff of poison
Jewellery
 k - a ring of positive energy (left hand)
 m - an amulet of faith (around neck)
Wands
 p - a wand of flame (14)
Scrolls
 f - a scroll of blinking
 h - a scroll of amnesia {unknown}
 i - a scroll of identify {unknown}
 l - a scroll of fog {unknown}
Potions
 d - a potion of might
 g - a potion of curing {unknown}
 j - a potion of berserk rage {unknown}
 r - a potion of degeneration {unknown}
 s - a potion of invisibility {unknown}
 t - 2 potions of flight {unknown}
 x - a potion of heal wounds {unknown}


   Skills:
 + Level 4.5 Fighting
 + Level 4.3 Long Blades
 + Level 4.8 Armour
 + Level 1.6 Dodging
 + Level 0.3 Stealth
 + Level 4.0 Shields


You had 4 spell levels left.
You didn't know any spells.
Your spell library contained the following spells:

 Spells                   Type           Power      Damage    Failure   Level
 Stone Arrow              Conj/Erth      0%         3d7       90%         3
 Animate Armour           Summ/Erth      0%         N/A       100%        4
 Fireball                 Conj/Fire      0%         3d3       100%        5
 Starburst                Conj/Fire      0%         6d3       100%        6
 Ignition                 Fire           0%         3d3       100%        8
 Lehudib's Crystal Spear  Conj/Erth      0%         10d2      100%        8


Dungeon Overview and Level Annotations

Branches:
Dungeon (4/15)
 Temple: D:4-7

Altars:
Xom

Shops:
D:3 :


Innate Abilities, Weirdness & Mutations

You have a pair of horns on your head.
You reflexively headbutt those who attack you in melee.


Message History

The scorpion is almost dead.
The adder closely misses you. You furiously retaliate!
You headbutt the adder!
You kill the adder!
The scorpion stings you but does no damage.
The adder barely misses you.
You slash the scorpion!
You kill the scorpion!
You block the adder's attack. x2
Your Long Blades skill increases to level 4!
Your Shields skill increases to level 4!
You have reached level 5!
The adder misses you.
You see here a scorpion corpse.
You miss the adder. Your headbutt misses the adder.
The adder is lightly wounded.
The adder bites you but does no damage. You block the adder's attack.
You miss the adder.
The adder is lightly wounded.
You block the adder's attack. The adder bites you.
* * * LOW HITPOINT WARNING * * *
You are poisoned.
The adder poisons you!
You hit the adder.
The adder is heavily wounded.
* * * LOW HITPOINT WARNING * * *
You feel sick. The adder barely misses you.
You hit the adder.
The adder is severely wounded.
You feel sick. The adder bites you.
* * * LOW HITPOINT WARNING * * *
You block the adder's attack.
You slash the adder!
You kill the adder!
* * * LOW HITPOINT WARNING * * *
You feel sick.
* * * LOW HITPOINT WARNING * * *
You feel sick.
You see here an adder corpse.
You die...
Xom cackles wildly!

#########
#.......# ..
#.....(.####).
#.............
#.............
#......>......
#<............
#..@††)......
####..†......
#............
#...........(
###..........
#..........
#..........
#..........
#..........


There were no monsters in sight!

Vanquished Creatures
  A scorpion (D:4)
  6 adders
  A worm (D:3)
  A dart slug (D:3)
  An orc (D:2)
  7 bats
  8 endoplasms
  3 giant cockroaches
  2 goblins (D:1)
  5 hobgoblins
  2 jackals (D:2)
  4 kobolds
  4 ball pythons
  8 frilled lizards
  7 rats
60 creatures vanquished.

Vanquished Creatures (others)
  A plant (D:3)
1 creature vanquished.

Grand Total: 61 creatures vanquished

Notes
Turn   | Place    | Note
-------+----------+-------------------------------------------
     0 | D:1      | GigaChad the Minotaur Fighter began the quest for the Orb.
     0 | D:1      | Reached XP level 1. HP: 19/19 MP: 0/0
   350 | D:1      | Reached XP level 2. HP: 27/27 MP: 1/1
   777 | D:2      | Reached XP level 3. HP: 33/33 MP: 2/2
  1348 | D:3      | Reached XP level 4. HP: 40/40 MP: 3/3
  1353 | D:3      | Identified the +0 robe of Recklessness {rPois Will+ Str+3}
  1601 | D:3      | Found Tekoik's Book Shoppe.
  1767 | D:3      | Reached skill level 1 in Dodging
  1925 | D:3      | Found a faded altar of an unknown god.
  1933 | D:3      | Prayed at the altar of an unknown god.
  1933 | D:3      | Became a worshipper of Xom of Chaos
  1978 | D:4      | Noticed a scorpion
  1991 | D:4      | Killed a scorpion
  1992 | D:4      | Reached XP level 5. HP: 10/47 MP: 4/4
  1997 | D:4      | HP: 2/47 [poisoned by an adder]
  1999 | D:4      | Succumbed to an adder's poison

Illustrated notes

Levels and vault maps discovered:
D:1:      evilmike_arrival_crescent, layout_loops_ring, minmay_splitting_lines
D:2:      minmay_door_path, layout_loops_cross, minmay_between
D:3:      layout_basic, dilly_ecumenical_altar_fadedgnrine, serial_shops, shop,
          chequers_serial_rivers_micro_d, supply_closet_lemuel,
          serial_bayou_ford_a, minmay_stone_trees_small, st_stairs_7,
          minmay_quadrilaterals
D:4:      layout_rooms, pf_guarded_unrand_delatra

Skill      XL: |  1  2  3  4 |
---------------+-------------+-----
Fighting       | 4 |  4.5
Armour         | 4 |  4.8
Long Blades    | 3 4 |  4.3
Dodging        | 1 |  1.6
Shields        | 4 |  4.0
Stealth        | |  0.3

Action                   |  1- 3 |  4- 6 || total
-------------------------+-------+-------++-------
Melee: Long sword        |    75 |    35 ||   110
       Headbutt          |    12 |     6 ||    18
  Use: Scroll            |     1 |       ||     1
 Stab: Sleeping          |       |     1 ||     1
Armor: Scale mail        |    37 |       ||    37
       Robe              |       |    18 ||    18
Dodge: Dodged            |    41 |    33 ||    74
Block: Buckler           |    23 |    18 ||    41
